 Dungeon Crawl Stone Soup version 0.23.2-1-ga50397a6bc (webtiles) character file.

Game seed: 4316728622367238424

826 Ethylacetat the Firebug (level 7, -2/50 HPs)
             Began as a Demonspawn Fire Elementalist on Apr 16, 2019.
             Was a Follower of Vehumet.
             Shot with an arrow by a centaur (12 damage)
             ... on level 6 of the Dungeon.
             The game lasted 00:21:53 (4885 turns).

Ethylacetat the Firebug (DsFE)                      Turns: 4885, Time: 00:21:54

Health: -2/50      AC:  7    Str:  8    XL:     7   Next: 64%
Magic:  12/13      EV: 11    Int: 23    God:    Vehumet [*.....]
Gold:   212        SH:  0    Dex: 13    Spells: 5/14 levels left

rFire    . . .     SeeInvis .   D - +7 mace of Rotation {crush, +Blink Int+4}
rCold    . . .     Gourm    .   (no shield)
rNeg     . . .     Faith    +   B - +0 leather armour of Paranoia {Regen+} (curse)
rPois    .         Spirit   .   (no helmet)
rElec    .         Reflect  .   b - +0 cloak
rCorr    .         Harm     .   (no gloves)
MR       .....                  (no boots)
Stlth    ++........             r - amulet of faith
HPRegen  0.56/turn              w - ring of wizardry
MPRegen  0.13/turn              (no ring)

@: lethally poisoned (-2 -> -3)
A: talons 1, slimy green scales 2, demonic guardian 1, powered by pain 1
a: Renounce Religion, Evoke Blink


You were on level 6 of the Dungeon.
You worshipped Vehumet.
Vehumet was aware of your devotion.
You were not hungry.

You visited 1 branch of the dungeon, and saw 6 of its levels.

You collected 212 gold pieces.

Inventory:

Hand Weapons
 D - the +7 mace of Rotation (weapon) {crush, +Blink Int+4}
   (You found it on level 5 of the Dungeon)

   It inflicts extra damage upon your enemies.
   It affects your intelligence (+4).
   It lets you blink.
Armour
 a - a +0 robe
 b - a +0 cloak (worn)
 x - the +15 Maxwell's patent armour {-Cast -Tele rElec MR+ rCorr}
   (You found it on level 5 of the Dungeon)

   It insulates you from electricity.
   It affects your resistance to hostile enchantments.
   It prevents spellcasting.
   It prevents most forms of teleportation.
   It provides partial protection from all sources of acid and corrosion.
 B - the cursed +0 leather armour of Paranoia (worn) {Regen+}
   (You found it on level 5 of the Dungeon)

   It increases your rate of regeneration.
   It has a curse placed upon it.
Jewellery
 r - an amulet of faith (around neck)
 v - an uncursed amulet of regeneration {unknown}
 w - a ring of wizardry (left hand)
Wands
 A - a wand of random effects (16)
Scrolls
 e - a scroll of enchant weapon {unknown}
 f - 3 scrolls of teleportation {unknown}
 g - a scroll of noise {unknown}
 h - 8 scrolls of identify {unknown}
 i - 2 scrolls of amnesia {unknown}
 k - 3 scrolls of remove curse {unknown}
 m - 3 scrolls of fog {unknown}
 n - a scroll of magic mapping {unknown}
 s - a scroll of random uselessness {unknown}
 u - 2 scrolls of enchant armour {unknown}
 C - a scroll of immolation {unknown}
Potions
 d - a potion of might
 j - a potion of flight
 l - a potion of haste
 o - a potion of lignification {unknown}
 p - a potion of curing
 q - a potion of berserk rage {unknown}
 t - a potion of cancellation {unknown}
Comestibles
 c - 10 rations
 z - 2 chunks of flesh


   Skills:
 - Level 2.1 Fighting
 - Level 1.7 Dodging
 - Level 1.7 Stealth
 - Level 1.9 Unarmed Combat
 + Level 4.0 Spellcasting
 + Level 3.9 Conjurations
 * Level 5.8 Fire Magic


You had 5 spell levels left.
You knew the following spells:

 Your Spells              Type           Power        Failure   Level  Hunger
a - Flame Tongue          Conj/Fire      ####.        1%          1    None
b - Throw Flame           Conj/Fire      ####..       1%          2    #......
c - Fireball              Conj/Fire      ####......   22%         5    ######.
d - Shock                 Conj/Air       ##..         2%          1    None

Your spell library contained the following spells:

 Spells                   Type           Power        Failure   Level  Hunger
 Conjure Flame            Conj/Fire      ####....     2%          3    ##.....
 Beastly Appendage        Tmut           #.....       6%          1    None
 Inner Flame              Hex/Fire       ###.....     6%          3    ##.....
 Sticks to Snakes         Tmut           #.......     9%          2    #......
 Sticky Flame             Conj/Fire      ####....     9%          4    ####...
 Spider Form              Tmut/Pois      #.........   17%         3    ##.....
 Ice Form                 Ice/Tmut       #.......     50%         4    ####...
 Blade Hands              Tmut           #.........   82%         5    ######.


Dungeon Overview and Level Annotations

Branches:
Dungeon (6/15)
 Temple: D:4-7

Altars:
Dithmenos
Makhleb
Vehumet
Zin


Innate Abilities, Weirdness & Mutations

You have sharp toenails.
You are mostly covered in slimy green scales. (AC +3)
A weak demonic guardian rushes to your aid.
You sometimes gain a little power by taking damage.


Message History

The orc shouts!
You feel sick. The orc wizard casts a spell at you. The magic dart hits you.
Your magical contamination has completely faded away.
The centaur wields a +0 shortbow.
The centaur shoots an arrow.
The arrow barely misses you.
You see here an arrow.
You feel sick.
The centaur shoots an arrow.
The arrow hits you!
* * * LOW HITPOINT WARNING * * *
Your ufetubus closely misses the orc wizard.
Your ufetubus barely misses the orc wizard.
You see here an arrow.
Your ufetubus hits the orc wizard.
Your ufetubus barely misses the orc wizard.
There is a stone staircase leading up here.
The centaur shoots an arrow.
The arrow hits your ufetubus!
Your ufetubus dies!
The centaur shoots an arrow.
The arrow hits you!
You die...

#....................
#........รท...........
##....................
..............c.......
.#...........(........
......................
#.......(............
#......(...o.......?.
#.....@....oo........
#....................
#.......)............
#....................
......................
#....................
#...................
...................
.................


You could see a centaur, an orc wizard and 2 orcs.

Vanquished Creatures
  Sigmund (D:5)
  2 bullfrog skeletons
  2 worker ants
  A howler monkey zombie (D:5)
  5 gnolls
  4 adders
  2 oozes
  2 worms
  A dart slug (D:2)
  6 leopard geckos
  3 orcs
  8 bats
  A giant cockroach (D:3)
  2 hobgoblins
  6 jackals
  A quokka (D:4)
  4 ball pythons
  5 frilled lizards
  5 goblins
  6 rats
67 creatures vanquished.

Vanquished Creatures (collateral kills)
  The ghost of Tutankhamun the Skirmisher, an amateur MiFi (D:3)
  Menkaure (D:5)
  A phantom (D:5)
  2 crimson imps
  2 orc wizards (D:5)
  An iguana (D:5)
  A worker ant (D:5)
  2 gnolls (D:5)
  A shadow imp (D:5)
  An orc (D:5)
  A frilled lizard (D:5)
14 creatures vanquished.

Grand Total: 81 creatures vanquished

Notes
Turn   | Place    | Note
-------+----------+-------------------------------------------
     0 | D:1      | Ethylacetat the Demonspawn Fire Elementalist began the
                  | quest for the Orb.
     0 | D:1      | Reached XP level 1. HP: 13/13 MP: 3/3
   327 | D:1      | Reached skill level 3 in Fire Magic
   433 | D:1      | Gained mutation: A weak demonic guardian rushes to your
                  | aid. [demonic ancestry]
   433 | D:1      | Reached XP level 2. HP: 19/19 MP: 3/5
  1369 | D:2      | Gained mutation: You are partially covered in slimy green
                  | scales. (AC +2) [demonic ancestry]
  1369 | D:2      | Reached XP level 3. HP: 14/24 MP: 4/6
  1920 | D:2      | Found a glowing silver altar of Zin.
  2118 | D:3      | Found a runed translucent door.
  2119 | D:3      | Gained mutation: You have sharp toenails. [demonic
                  | ancestry]
  2119 | D:3      | Reached XP level 4. HP: 26/30 MP: 0/7
  2306 | D:3      | Noticed Tutankhamun's ghost (amateur MiFi)
  2593 | D:3      | Found a radiant altar of Vehumet.
  2594 | D:3      | Found a burning altar of Makhleb.
  2599 | D:3      | Reached skill level 4 in Fire Magic
  2602 | D:3      | Became a worshipper of Vehumet
  2649 | D:3      | Found a shadowy altar of Dithmenos.
  2881 | D:3      | Killed Tutankhamun's ghost
  2881 | D:3      | Gained mutation: You sometimes gain a little power by
                  | taking damage. [demonic ancestry]
  2881 | D:3      | Reached XP level 5. HP: 35/35 MP: 4/9
  3421 | D:4      | Gained mutation: You are mostly covered in slimy green
                  | scales. (AC +3) [demonic ancestry]
  3421 | D:4      | Reached XP level 6. HP: 41/41 MP: 6/10
  3825 | D:5      | Entered Level 5 of the Dungeon
  3869 | D:5      | Reached skill level 5 in Fire Magic
  3986 | D:5      | Learned a level 2 spell: Throw Flame
  3992 | D:5      | Learned a level 5 spell: Fireball
  4106 | D:5      | Reached * piety under Vehumet
  4106 | D:5      | Offered knowledge of Shock by Vehumet.
  4160 | D:5      | Learned a level 1 spell: Shock
  4244 | D:5      | Found the +15 Maxwell's patent armour {-Cast -Tele rElec
                  | MR+ rCorr}
  4353 | D:5      | Noticed Menkaure
  4416 | D:5      | Killed Menkaure
  4416 | D:5      | Reached skill level 1 in Fighting
  4416 | D:5      | Reached skill level 1 in Unarmed Combat
  4416 | D:5      | Reached XP level 7. HP: 26/48 MP: 1/12
  4472 | D:5      | Got a jewelled leather armour
  4483 | D:5      | Identified the cursed +0 leather armour of Paranoia
                  | {Regen+} (You found it on level 5 of the Dungeon)
  4524 | D:5      | Noticed Sigmund
  4534 | D:5      | Killed Sigmund
  4543 | D:5      | Got a bloodstained mace
  4544 | D:5      | Identified the +7 mace of Rotation {crush, +Blink Int+4}
                  | (You found it on level 5 of the Dungeon)
  4885 | D:6      | Shot with an arrow by a centaur

Skill      XL: |  1  2  3  4  5  6  7 |
---------------+----------------------+-----
Fire Magic     | 3 4 5 |  5.8
Conjurations   | 2 3 |  3.9
Spellcasting   | 3 4 |  4.0
Fighting       | 1 2 |  2.1
Unarmed Combat | 1 |  1.9
Dodging        | |  1.7
Stealth        | |  1.7

Action                   |  1- 3 |  4- 6 |  7- 9 || total
-------------------------+-------+-------+-------++-------
Melee: Unarmed           |    17 |    33 |       ||    50
       Kick              |       |     7 |     2 ||     9
       Halberd           |       |    18 |     4 ||    22
       Mace              |       |       |     5 ||     5
 Cast: Flame Tongue      |    64 |    74 |    16 ||   154
       Shock             |       |     9 |       ||     9
       Fireball          |       |     2 |       ||     2
       Throw Flame       |       |       |     3 ||     3
  Use: Potion            |     4 |     1 |       ||     5
 Stab: Distracted        |       |     1 |       ||     1
  Eat: Chunk             |     4 |     6 |       ||    10
       Ration            |       |     1 |       ||     1
Armor: Robe              |    13 |    14 |     1 ||    28
       Plate armour      |       |    10 |       ||    10
Dodge: Dodged            |    23 |    25 |     4 ||    52
